 Dungeon Crawl Stone Soup version 0.22-a0-460-g49b1da7 (webtiles) character file.

21 leogelas the Cudgeler (level 2, 0/18 HPs)
             Began as a Gargoyle Gladiator on June 9, 2018.
             Slain by an adder (1 damage)
             ... on level 2 of the Dungeon.
             The game lasted 00:05:48 (791 turns).

leogelas the Cudgeler (Gargoyle Gladiator)           Turns: 791, Time: 00:05:49

Health: 0/18       AC:  6    Str: 17    XL:     2   Next: 83%
Magic:  2/2        EV: 12    Int:  8    God:
Gold:   61         SH:  0    Dex: 11    Spells: 1/1 levels left

rFire    . . .     SeeInvis .   e - -3 hand axe (curse)
rCold    . . .     Gourm    .   (no shield)
rNeg     + . .     Faith    .   b - +0 leather armour
rPois    ∞         Spirit   .   c - +0 helmet
rElec    +         Reflect  .   (no cloak)
rCorr    .         Harm     .   (no gloves)
MR       .....                  (no boots)
Stlth    +.........             (no amulet)
HPRegen  0.06/turn              (no ring)
MPRegen  0.08/turn              (no ring)

@: no status effects
A: negative energy resistance 1, electricity resistance, unbreathing,
petrification resistance, rot immunity, AC +2
a: no special abilities


You were on level 2 of the Dungeon.
You were not hungry.

You visited 1 branch of the dungeon, and saw 2 of its levels.

You collected 61 gold pieces.

Inventory:

Hand Weapons
 a - a +0 flail
 e - a cursed -3 hand axe (weapon)
 g - a +0 club
 m - a +0 club
Missiles
 d - 3 throwing nets (quivered)
 i - 6 tomahawks
Armour
 b - a +0 leather armour (worn)
 c - a +0 helmet (worn)
 h - a +0 robe
Scrolls
 k - a scroll of enchant weapon {unknown}
 l - a scroll of teleportation {unknown}
Potions
 j - a potion of invisibility {unknown}
 n - a potion of berserk rage {unknown}
 p - a potion of mutation {unknown}
Comestibles
 f - 2 rations
 o - a chunk of flesh


   Skills:
 + Level 2.3 Fighting
 + Level 0.3(1.9) Axes
 + Level 3.3 Maces & Flails
 + Level 1.9 Throwing
 + Level 2.7 Dodging


You had one spell level left.
You didn't know any spells.
Your spell library was empty.

Dungeon Overview and Level Annotations

Branches:
Dungeon (2/15)

Altars:


Innate Abilities, Weirdness & Mutations

You are resistant to torment.
Your stone body is resilient. (AC +2)
You are immune to poison.
You resist negative energy. (rN+)
You are resistant to electric shocks. (rElec)
You can survive without breathing.
You are immune to petrification.
You are immune to rotting.


Message History

The adder barely misses you. The adder bites you.
* * * LOW HITPOINT WARNING * * *
You closely miss the adder.
The adder is moderately wounded.
The adder barely misses you.
You miss the adder.
The adder is moderately wounded.
The adder bites you but does no damage. The adder misses you.
You closely miss the adder.
The adder is moderately wounded.
The adder bites you.
* * * LOW HITPOINT WARNING * * *
The adder bites you but does no damage.
You miss the adder.
The adder is moderately wounded.
The adder barely misses you.
You hit the adder but do no damage.
The adder is moderately wounded.
The adder bites you.
You die...

###.#.#...####'#.#####
.......<..............
#####.#######....#####
.................#
#####.#######....# #.#
#....# #.# #....# #.#
#....#.# #####.#
####@#.# ......# #S#.#
..... ####### ##g#.##
.... #.g...# ...
#.....# ###.. #.....#
#...# #.....# #...#
#.....#####(..#
#.........#...##.##


You could see an adder, a hobgoblin and a goblin.

Vanquished Creatures
  A dart slug (D:1)
  A ball python (D:1)
  3 bats
  3 giant cockroaches
  2 goblins (D:1)
  2 hobgoblins
  A quokka (D:2)
  2 frilled lizards
  A rat (D:1)
16 creatures vanquished.

Notes
Turn   | Place    | Note
-------+----------+-------------------------------------------
     0 | D:1      | leogelas the Gargoyle Gladiator began the quest for the Orb.
     0 | D:1      | Reached XP level 1. HP: 12/12 MP: 1/1
   136 | D:1      | Reached XP level 2. HP: 6/17 MP: 2/2
   791 | D:2      | Slain by an adder

Vault maps used:
D:1:      lemuel_arrival_room, nrook_mini_vaults
D:2:      lexackson_kobold_supper

Action                   || total
-------------------------++-------
Melee: Hand axe          ||    92
       Flail             ||     2
  Use: Scroll            ||     2
Armor: Leather armour    ||    55
Dodge: Dodged            ||    76

Table legend:
 A = Spawn XP
 B = Non-spawn XP
 C = Spawn XP percentage of total XP
 D = Spawn monster count
 E = Non-spawn monster count
 F = Spawn count percentage of total count
 G = Total turns spent on level
                    A         B        C        D         E        F      G
               +---------+---------+-------+---------+---------+-------+---------
         Total |       0 |      30 |   0.0 |       0 |      16 |   0.0 |   791
               +---------+---------+-------+---------+---------+-------+---------
           D:1 |       0 |      19 |   0.0 |       0 |      10 |   0.0 |   470
           D:2 |       0 |      11 |   0.0 |       0 |       6 |   0.0 |   321
               +---------+---------+-------+---------+---------+-------+---------
